 Dungeon Crawl Stone Soup version 0.20-a0-266-gdedccd6 (webtiles) character file.

271898 Jraekied the Fighter (level 19, -44/180 HPs)
             Began as a Demonspawn Gladiator on Dec 1, 2016.
             Was an Initiate of Gozag.
             Killed from afar by a deep elf annihilator (66 damage)
             ... with an iron shot
             ... led by an ironheart preserver
             ... on level 1 of the Vaults on Dec 5, 2016.
             The game lasted 03:10:22 (39348 turns).

Jraekied the Fighter (Demonspawn Gladiator)        Turns: 39348, Time: 03:10:23

Health: -44/180    AC: 43    Str: 27    XL:     19   Next: 46%
Magic:  0/28       EV:  8    Int: 13    God:    Gozag
Gold:   4064       SH: 14    Dex: 16    Spells: 19/28 levels left

rFire  + . .     SeeInvis +     a - +8 whip "Snakebite" {curare, rPois}
rCold  + . .     Gourm    .     Z - +8 crystal plate armour
rNeg   . . .     Faith    .     N - +2 buckler {rC+ rF+}
rPois  +         Spirit   +     (helmet unavailable)
rElec  .         Reflect  +     p - +2 cloak
rCorr  .         Harm     .     I - +2 pair of gloves {Str+3}
MR     +....     Clarity  +     q - +1 pair of boots {Fly}
Stlth  ..........               W - +6 amulet of reflection
                                (no ring)
                                w - +6 ring of strength

@: marked, gold aura, flying
A: antennae 3, slimy green scales 3, clarity, powered by death 2, robust 2,
magic shield, magic regeneration
}: 2/15 runes: decaying, gossamer
a: Potion Petition, Call Merchant, Bribe Branch, Renounce Religion, Stop Flying


You were on level 1 of the Vaults.
You worshipped Gozag.
Gozag was most pleased with you.
You were not hungry.

You visited 6 branches of the dungeon, and saw 32 of its levels.
You visited the Abyss 2 times.
You also visited: Labyrinth, Ossuary and Bailey.

You collected 14164 gold pieces.
You spent 3809 gold pieces at shops.
You paid 6291 gold pieces to Gozag.

Inventory:

Hand Weapons
 a - the +8 whip "Snakebite" (weapon) {curare, rPois}
   (You found it on level 2 of the Lair of Beasts)

   It poisons the flesh of those it strikes.
   It protects you from poison.
 c - a +3 demon whip of protection
 J - a +3 broad axe of distortion
Missiles
 d - 2 poisoned javelins
 h - 6 tomahawks of returning
 s - 48 tomahawks (quivered)
 x - 15 javelins
Armour
 p - a +2 cloak (worn)
 q - a +1 pair of boots of flying (worn)
 I - a +2 pair of gloves of strength (worn)
 N - a +2 buckler of resistance (worn)
 Z - a +8 crystal plate armour (worn)
Rods
 b - a +5 rod of inaccuracy (0/9)
   (You found it on level 6 of the Lair of Beasts)
Jewellery
 w - a +6 ring of strength (left hand)
 z - an uncursed ring of protection from fire
 L - a +4 ring of slaying
 W - a +6 amulet of reflection (around neck)
Wands
 r - a wand of lightning (0/15)
 A - a wand of lightning (7/15)
 D - a wand of iceblast (11/15)
 K - a wand of acid (0/15)
 S - a wand of flame (23/48)
 X - a wand of digging (3/24)
 Y - a wand of iceblast (8/15)
Scrolls
 g - 5 scrolls of fear
 i - a scroll of blinking
 k - 5 scrolls of fog
 m - 9 scrolls of remove curse
 v - a scroll of summoning
 F - 17 scrolls of teleportation
 M - 4 scrolls of identify
Potions
 e - 3 potions of resistance
 j - 2 potions of might
 l - 4 potions of cure mutation
 n - 11 potions of curing
 u - a potion of magic
 B - 2 potions of haste
 C - 4 potions of cancellation
 E - a potion of agility
Miscellaneous
 o - a lamp of fire (inert)
 R - a disc of storms
Comestibles
 f - 6 bread rations
 U - 31 fruits


   Skills:
 - Level 13.5 Fighting
 + Level 12.2(13.6) Axes
 - Level 10.4(14.4) Maces & Flails
   Level 11.9(13.3) Staves
   Level 8.5 Crossbows
 - Level 1.7 Throwing
 - Level 12.3 Armour
 - Level 5.0 Dodging
 - Level 6.0 Shields
 - Level 5.1 Spellcasting
 + Level 8.6 Conjurations
 + Level 6.4 Hexes
 - Level 13.1 Evocations


You had 19 spell levels left.
You knew the following spells:

 Your Spells              Type           Power        Failure   Level  Hunger
a - Fulminant Prism       Conj/Hex       ###.......   99%         4    ####...
b - Dazzling Spray        Conj/Hex       ###...       78%         3    ###....
c - Repel Missiles        Chrm/Air       #.....       100%        2    ##.....


Dungeon Overview and Level Annotations

Branches:
Dungeon (15/15)            Temple (0/1) D:4            Lair (6/6) D:10
  Swamp (4/4) Lair:3       Spider (4/4) Lair:3        Slime (0/5) Lair:5
    Orc (2/2) D:9             Elf (0/3) Orc:2        Vaults (1/5) D:14
 Depths (0/5) D:15

Altars:
Ashenzari
Cheibriados
Elyvilon
Fedhas
Gozag
Nemelex Xobeh
Qazlal
Trog
Yredelemnul
The Shining One

Shops:
D:4 %   D:6 [   D:10 }   D:11 =   D:13 }   Orc:2 ?(?:!   Lair:1 [?[([

Portals:
Pandemonium: Orc:2

Annotations:
Lair:6 exclusion: oklob plant
Swamp:2 exclusion: 2 oklob plants


Innate Abilities, Weirdness & Mutations

You have a pair of large antennae on your head. (SInv)
You are completely covered in slimy green scales. (AC +4, rPois)
You regenerate health from kills.
When hurt, damage is shared between your health and your magic reserves.
You regenerate magic rapidly.
You possess an exceptional clarity of mind.
You are very robust. (+20% HP)


Message History

The ironbrand convoker closely misses you.
The fire elemental barely misses you.
Unknown command.
Okay, then.
Things that are here:
a falchion; a ring mail You feel sick.
The deep elf annihilator gestures at you while chanting.
The iron shot hits you!
* * * LOW HITPOINT WARNING * * *
The deep elf annihilator casts a spell at you.
The bolt of lightning hits you!
* * * LOW HITPOINT WARNING * * *
The ironbrand convoker gestures at the orc warrior while chanting.
The orc warrior seems to grow stronger.
You feel better.
The deep elf annihilator gestures at you while chanting.
The iron shot hits you!
You die...
Your body crumbles into a pile of gold.

###+##### #.......#
#.......# #......§#
#..∩..§§# #..@..§§#
#......§# #...)...#
#######e##############
.G..{.Epe{($...(.p(pp.
$
......§.opp......e....
#########e............
#.............
#...........##


You could see a deep elf annihilator, a deep elf knight, 2 ironbrand convokers,
a deep elf mage and an orc warrior.

Vanquished Creatures
  A bone dragon (Abyss:3)
  A tentacled monstrosity (Abyss:2)
  2 thorn hunters (Swamp:2)
  2 orc warlords
  A vault warden (Vaults:1)
  5 ghost moths
  6 emperor scorpions
  Louise (Swamp:4)
  An ironheart preserver (Vaults:1)
  6 entropy weavers
  Nessos (D:15)
  Azrael (Orc:2)
  An ettin (Abyss:3)
  2 spark wasps
  A minotaur (Lab)
  Fannar (Lair:2)
  Harold (Lair:2)
  A rakshasa (Abyss:3)
  16 hydras
  9 vault guards
  A ghost crab (Swamp:4)
  Erica (Orc:1)
  10 alligators
  3 centaur warriors
  A death knight (D:15)
  A vampire mage (Abyss:3)
  7 orc high priests (Orc:2)
  4 hell hogs (Abyss:2)
  An alligator (shapeshifter) (Abyss:3)
  4 death yaks
  6 thrashing horrors
  Urug (Lair:4)
  A sun demon (Orc:2)
  A wretched star (Abyss:2)
  3 unseen horrors
  6 skeletal warriors
  11 swamp dragons
  A flayed ghost (Abyss:2)
  3 spriggan druids
  3 gelid demonspawn (Orc:2)
  2 hill giants
  4 shambling mangroves
  A phantasmal warrior (D:15)
  2 lindwurms
  A necromancer (D:15)
  A wizard (D:15)
  The ghost of DoctorBileduct the Cleaver, a novice MiBe of Trog (D:6)
  6 deep elf magi
  A wolf spider zombie (D:14)
  24 wolf spiders
  11 orc knights
  11 orc sorcerers
  2 ugly things
  21 orb spiders
  A salamander (shapeshifter) (D:13)
  3 worldbinders
  4 cyclopes
  3 manticores
  A moth of wrath (Spider:4)
  4 elephants (Lair:2)
  6 black mambas
  4 gargoyles
  A naga mage (D:15)
  2 vault sentinels (Vaults:1)
  2 smoke demons
  27 spiny frogs
  15 demonic crawlers
  A rime drake (Lair:6)
  A hellion (Abyss:2)
  A yaktaur (shapeshifter) (Vaults:1)
  2 hellwings (Orc:2)
  An ancient zyme (Abyss:2)
  A freezing wraith (D:15)
  13 komodo dragons
  5 trolls
  32 jumping spiders
  3 red devils (Orc:2)
  8 tyrant leeches
  A harpy zombie (D:15)
  A shadow dragon simulacrum (Abyss:2)
  4 raiju
  Prince Ribbit (D:9)
  13 hornets
  A two-headed ogre (D:13)
  58 blink frogs
  8 bog bodies
  7 dream sheep (Lair:5)
  13 hippogriffs
  A meliai zombie (D:15)
  16 slime creatures
  22 tarantellas
  A centaur simulacrum (D:15)
  7 spriggans
  6 shadows
  A ynoxinul (Abyss:2)
  3 wraiths
  A tarantella (shapeshifter) (D:13)
  5 wyverns
  4 large abominations
  78 redbacks
  A basilisk (Lair:4)
  A vampire (D:9)
  61 yaks
  An ettin skeleton (Abyss:3)
  A human (D:10)
  3 fire elementals (Orc:2)
  A neqoxec (Abyss:3)
  19 vampire mosquitoes
  3 wargs
  3 hungry ghosts
  25 swamp worms
  16 insubstantial wisps
  18 water moccasins
  4 hell hounds (Orc:2)
  14 porcupines
  9 swamp drakes
  4 ice beasts
  5 small abominations
  44 orc warriors
  4 sky beasts
  3 phantoms
  2 black bears
  3 eyes of draining
  7 ogres
  12 wolves
  18 centaurs
  13 crocodiles
  25 bullfrogs
  4 big kobolds
  A gnoll sergeant (Orc:1)
  3 elf skeletons (D:5)
  13 scorpions
  5 killer bees (D:9)
  7 wights
  4 howler monkeys
  7 electric eels
  3 crimson imps
  11 starcursed masses (Abyss:2)
  13 hounds
  3 quasits
  3 centaur skeletons
  5 human zombies (Ossuary)
  2 bullfrog zombies
  5 centaur zombies
  4 jellies
  3 bullfrog skeletons
  21 orc priests
  3 iron imps
  A human skeleton (D:5)
  4 iguanas
  17 orc wizards
  8 worker ants
  A killer bee zombie (D:10)
  2 hound skeletons
  3 mummies (Ossuary)
  A worker ant zombie (D:9)
  10 gnolls
  13 adders
  A howler monkey skeleton (D:4)
  4 scorpion zombies (Ossuary)
  4 shadow imps
  2 white imps (Abyss:2)
  An ooze (D:6)
  2 adder skeletons
  2 worms (D:3)
  3 dart slugs
  4 leopard geckos
  98 orcs
  6 bats
  6 giant cockroaches
  A gnoll zombie (Ossuary)
  12 hobgoblins (Bailey)
  3 jackals
  4 quokkas
  2 ball pythons
  4 frilled lizards
  32 goblins
  A goblin zombie (Ossuary)
  21 kobolds
  A leopard gecko skeleton (D:6)
  An orc skeleton (D:5)
  2 orc zombies
  8 rats
  A briar patch (Swamp:2)
  5 fungi
  3 plants (Lair:6)
1344 creatures vanquished.

Vanquished Creatures (collateral kills)
  the Lernaean hydra (Swamp:4)
  3 hydras (Swamp:4)
  3 swamp dragons (Swamp:4)
  2 polar bears (Lair:5)
  A swamp drake (Swamp:4)
10 creatures vanquished.

Vanquished Creatures (others)
  3 hydras (Swamp:4)
  An alligator (Swamp:4)
  A large abomination (Abyss:2)
  A blink frog (Swamp:3)
  A bog body (Swamp:1)
  3 slime creatures (Swamp:4)
  2 redbacks
  2 swamp drakes
  2 centaurs (D:11)
  A scorpion (Ossuary)
  A spriggan skeleton (Abyss:2)
  An ufetubus (Abyss:2)
  An orc (Orc:2)
  A hobgoblin zombie (Ossuary)
  11 fungi
  52 plants
84 creatures vanquished.

Grand Total: 1438 creatures vanquished

Notes
Turn   | Place    | Note
-------+----------+-------------------------------------------
     0 | D:1      | Jraekied the Demonspawn Gladiator began the quest for the Orb.
     0 | D:1      | Reached XP level 1. HP: 16/16 MP: 1/1
   211 | D:1      | Gained mutation: When hurt, damage is shared between your health and your magic reserves. [demonic ancestry]
   211 | D:1      | Reached XP level 2. HP: 22/23 MP: 2/2
   805 | D:2      | Reached XP level 3. HP: 26/28 MP: 3/3
   893 | D:2      | Found a bloodstained altar of Trog.
  1024 | D:3      | Found an opulent altar of Gozag.
  1034 | D:3      | Became a worshipper of Gozag Ym Sagoz the Greedy
  1151 | D:3      | Found a stormy altar of Qazlal.
  1158 | D:3      | Found a basalt altar of Yredelemnul.
  1403 | D:3      | Gained mutation: You are partially covered in slimy green scales. (AC +2) [demonic ancestry]
  1403 | D:3      | Reached XP level 4. HP: 23/35 MP: 2/4
  1785 | D:4      | Reached XP level 5. HP: 36/42 MP: 5/5
  1920 | D:4      | Found a staircase to the Ecumenical Temple.
  2251 | D:4      | Gained mutation: You regenerate a little health from kills. [demonic ancestry]
  2251 | D:4      | Reached XP level 6. HP: 36/50 MP: 3/6
  2479 | D:4      | Found a snail-covered altar of Cheibriados.
  2708 | D:4      | Reached skill level 5 in Fighting
  2722 | D:4      | Found Zapamo's Food Boutique.
  2730 | D:4      | Bought a bread ration for 70 gold pieces
  2881 | D:5      | Entered Level 5 of the Dungeon
  3082 | D:5      | Found a shattered altar of Ashenzari.
  3102 | D:5      | Reached skill level 5 in Axes
  3267 | D:5      | Reached XP level 7. HP: 45/57 MP: 4/7
  3289 | D:5      | Found a sand-covered staircase.
  3298 | Ossuary  | Entered an ossuary
  3813 | Ossuary  | Gained mutation: You have a pair of small antennae on your head. [demonic ancestry]
  3813 | Ossuary  | Reached XP level 8. HP: 25/67 MP: 3/8
  4409 | D:5      | Got a smoking mace
  4410 | D:5      | Identified the +4 mace of Causality {flame, Dex+4} (You found it on level 5 of the Dungeon)
  4557 | D:6      | Found Guutueti's Antique Armour Shop.
  4561 | D:6      | Noticed DoctorBileduct's ghost (novice MiBe)
  4737 | D:6      | Killed DoctorBileduct's ghost
  4866 | D:6      | Learned a level 4 spell: Fulminant Prism
  4870 | D:6      | Learned a level 3 spell: Dazzling Spray
  4944 | D:6      | Reached XP level 9. HP: 75/75 MP: 9/9
  5039 | D:6      | Bought a spiked plate armour for 700 gold pieces
  5049 | D:6      | Identified the cursed +1 plate armour of Vanity {MP+9} (You bought it in a shop on level 6 of the Dungeon)
  5077 | D:6      | Reached skill level 1 in Conjurations
  5366 | D:7      | Reached skill level 1 in Shields
  5366 | D:7      | Reached skill level 1 in Spellcasting
  5808 | D:7      | Reached skill level 1 in Staves
  6939 | D:8      | Found a white marble altar of Elyvilon.
  7014 | D:8      | Gained mutation: You have a pair of antennae on your head. [demonic ancestry]
  7014 | D:8      | Reached XP level 10. HP: 72/82 MP: 15/15
  7394 | D:8      | Reached skill level 5 in Staves
  7398 | D:8      | Identified a scroll of acquirement
  7520 | D:6      | Bought a steaming chain mail for 237 gold pieces
  7531 | D:6      | Identified the cursed +1 chain mail of Makhleb's Esteem {rElec Int-5 Dex+4} (You bought it in a shop on level 6 of the Dungeon)
  7531 | D:6      | Bought a glowing ring mail for 250 gold pieces
  8362 | D:9      | Found a staircase to the Orcish Mines.
  8427 | D:9      | Reached skill level 5 in Conjurations
  8521 | D:9      | Reached skill level 5 in Spellcasting
  8633 | D:9      | Noticed Prince Ribbit
  8640 | D:9      | Reached skill level 1 in Evocations
  8922 | D:10     | Entered Level 10 of the Dungeon
  8922 | D:10     | Found Caxum's Gadget Emporium.
  8984 | D:10     | Found a flagged portal.
  8994 | Bailey   | Entered a bailey
  9318 | Bailey   | Gained mutation: You are mostly covered in slimy green scales. (AC +3) [demonic ancestry]
  9318 | Bailey   | Reached XP level 11. HP: 75/89 MP: 18/18
  9330 | Bailey   | Noticed an orc warlord
  9334 | Bailey   | Noticed an orc knight
  9358 | Bailey   | Killed an orc warlord
  9466 | Bailey   | Gained mutation: You are robust. (+10% HP) [potion of beneficial mutation]
  9467 | Bailey   | Gained mutation: You possess an exceptional clarity of mind. [potion of beneficial mutation]
  9473 | Bailey   | Killed an orc knight
  9754 | Bailey   | Identified Vikkaesu's Tome of Transmigration
  9976 | D:10     | Found a staircase to the Lair.
 10111 | D:10     | Found a glowing golden altar of the Shining One.
 10341 | D:10     | Noticed a hill giant
 10353 | D:10     | Killed a hill giant
 10593 | Lair:1   | Entered Level 1 of the Lair of Beasts
 11054 | Lair:1   | Reached skill level 10 in Staves
 11087 | Lair:1   | Reached skill level 10 in Fighting
 11498 | Lair:1   | Reached skill level 5 in Evocations
 11519 | Lair:1   | Reached XP level 12. HP: 74/106 MP: 19/19
 12849 | Lair:2   | Noticed Harold
 12856 | Lair:2   | Noticed Fannar
 13104 | Lair:2   | Killed Harold
 13792 | Lair:2   | Killed Fannar
 14787 | Lair:1   | Bought a scroll of blinking for 82 gold pieces
 14921 | Lair:3   | Reached skill level 1 in Maces & Flails
 14939 | Lair:3   | Gained mutation: You are completely covered in slimy green scales. (AC +4, rPois) [demonic ancestry]
 14939 | Lair:3   | Reached XP level 13. HP: 63/116 MP: 20/20
 14975 | Lair:3   | Found a staircase to the Swamp.
 15166 | Lair:3   | Found a hole to the Spider Nest.
 15752 | Lair:4   | Found a sparkling altar of Nemelex Xobeh.
 16099 | Lair:4   | Noticed Urug
 16132 | Lair:4   | Killed Urug
 16562 | Lair:5   | Found a labyrinth entrance.
 16571 | Lab      | Entered a labyrinth
 16703 | Lab      | Noticed a minotaur
 16730 | Lab      | Killed a minotaur
 16925 | Lair:5   | Reached skill level 5 in Maces & Flails
 17490 | Lair:5   | Found a staircase to the Slime Pits.
 18007 | Lair:1   | Bought a slimy robe for 176 gold pieces
 18019 | Lair:1   | Identified the +1 robe of Midwinter {MR+} (You bought it in a shop on level 1 of the Lair of Beasts)
 18196 | Lair:3   | Reached skill level 1 in Armour
 18345 | Lair:6   | Entered Level 6 of the Lair of Beasts
 18483 | Lair:6   | Gained mutation: You regenerate health from kills. [demonic ancestry]
 18483 | Lair:6   | Reached XP level 14. HP: 75/124 MP: 17/21
 18593 | Lair:6   | Reached skill level 5 in Armour
 18706 | Lair:6   | Upgraded the game from 0.20-a0-256-gabb291d to 0.20-a0-266-gdedccd6
 19273 | Lair:6   | Identified a +5 rod of inaccuracy (9/9) (You found it on level 6 of the Lair of Beasts)
 20232 | Orc:1    | Entered Level 1 of the Orcish Mines
 20359 | Orc:1    | Noticed Erica
 20377 | Orc:1    | Killed Erica
 20785 | Orc:2    | Entered Level 2 of the Orcish Mines
 20785 | Orc:2    | Noticed an orc warlord
 20995 | Orc:2    | Found Aceracosty's Magic Scroll Emporium.
 21114 | Orc:2    | Killed an orc warlord
 21449 | Orc:2    | Found Yhymonk's Magic Scroll Shop.
 21509 | Orc:2    | Noticed Azrael
 21541 | Orc:2    | Killed Azrael
 21640 | Orc:2    | Found Sato's Distillery.
 21747 | Orc:2    | Reached XP level 15. HP: 130/130 MP: 22/22
 21833 | Orc:2    | Bought a potion of heal wounds for 90 gold pieces
 21843 | Orc:2    | Reached skill level 10 in Armour
 21872 | Orc:2    | Paralysed by an orc sorcerer for 2 turns
 22213 | Orc:2    | Found a staircase to the Elven Halls.
 22410 | Orc:2    | Reached skill level 10 in Maces & Flails
 22435 | Orc:2    | Found Okkage's Book Shoppe.
 22435 | Orc:2    | Found Rosm's Antique Weapon Emporium.
 22435 | Orc:2    | Found a one-way gate leading to the halls of Pandemonium.
 22450 | Orc:2    | Bought a dazzling battleaxe for 322 gold pieces
 22881 | Orc:2    | Bought a potion of beneficial mutation for 630 gold pieces
 22881 | Orc:2    | Bought a potion of lignification for 54 gold pieces
 22881 | Orc:2    | Gained mutation: You are very robust. (+20% HP) [potion of beneficial mutation]
 22884 | Orc:2    | Bought a scroll of identify for 26 gold pieces
 22884 | Orc:2    | Bought a scroll of remove curse for 39 gold pieces
 22885 | Orc:2    | Bought a scroll of identify for 26 gold pieces
 23048 | Orc:2    | Bought a glowing hand crossbow for 266 gold pieces
 23100 | Orc:2    | Bought a scroll of brand weapon for 340 gold pieces
 23100 | Orc:2    | Bought a scroll of enchant armour for 127 gold pieces
 23100 | Orc:2    | Bought a scroll of enchant armour for 127 gold pieces
 23201 | D:10     | Reached skill level 5 in Crossbows
 23201 | D:10     | Reached XP level 16. HP: 150/150 MP: 23/23
 23749 | D:11     | Found Qamit's Jewellery Boutique.
 24976 | D:13     | Found Pylius's Gadget Emporium.
 25038 | D:13     | Reached skill level 5 in Dodging
 25773 | D:14     | Reached skill level 10 in Evocations
 26242 | D:14     | Found a gate to the Vaults.
 26684 | D:15     | Entered Level 15 of the Dungeon
 26767 | D:15     | Got a smoking scythe
 26805 | D:15     | Identified the cursed +1 scythe "Zexakeso" {slice, Dex+3} (You found it on level 15 of the Dungeon)
 26880 | D:15     | Noticed Nessos
 26900 | D:15     | Killed Nessos
 27023 | D:15     | Found a blossoming altar of Fedhas.
 27319 | D:15     | Found a staircase to the Depths.
 27549 | D:15     | Reached XP level 17. HP: 154/159 MP: 22/25
 28180 | D:9      | Killed Prince Ribbit
 28547 | Swamp:1  | Entered Level 1 of the Swamp
 28673 | Lair:1   | Bought a +1 pair of boots of flying for 247 gold pieces
 29214 | Swamp:1  | Got a pitted lajatang
 29218 | Swamp:1  | Got a crystal lajatang
 29219 | Swamp:1  | Identified the +1 lajatang of the Hand {freeze, rElec rC+ MP+9 Int-5} (You acquired it on level 1 of the Swamp)
 29226 | Swamp:1  | Identified the +7 lajatang of Makhleb's Anger {venom, Fragile rC+ rN+ MR+++} (You acquired it on level 1 of the Swamp)
 31527 | Swamp:4  | Entered Level 4 of the Swamp
 31698 | Swamp:4  | Noticed Louise
 31728 | Swamp:4  | Cast into level 2 of the Abyss (Louise)
 31984 | Abyss:2  | Reached skill level 5 in Shields
 31993 | Abyss:2  | Noticed a bone dragon
 32284 | Abyss:2  | Noticed a tentacled monstrosity
 32302 | Abyss:2  | Killed a tentacled monstrosity
 32304 | Swamp:4  | Escaped the Abyss
 32580 | Swamp:4  | Cast into level 3 of the Abyss (a distortion unwield)
 32583 | Abyss:3  | Paralysed by a great orb of eyes for 5 turns
 32707 | Abyss:3  | Gained mutation: You have a pair of large antennae on your head. (SInv) [demonic ancestry]
 32707 | Abyss:3  | Reached XP level 18. HP: 161/172 MP: 24/27
 32879 | Abyss:3  | Noticed a bone dragon
 32910 | Abyss:3  | Killed a bone dragon
 33085 | Swamp:4  | Escaped the Abyss
 33191 | Swamp:4  | Noticed the 27-headed Lernaean hydra
 33204 | Swamp:4  | Killed the 27-headed Lernaean hydra
 33543 | Swamp:4  | Killed Louise
 33950 | Swamp:4  | Got a decaying rune of Zot
 34017 | Swamp:4  | Identified a +2 rod of inaccuracy (9/9) (You found it on level 4 of the Swamp)
 34250 | Spider:1 | Entered Level 1 of the Spider Nest
 34312 | Spider:1 | Reached skill level 10 in Axes
 35646 | Spider:2 | Reached skill level 1 in Hexes
 36785 | Spider:3 | Gained mutation: You regenerate magic rapidly. [demonic ancestry]
 36785 | Spider:3 | Reached XP level 19. HP: 167/180 MP: 25/28
 37172 | Spider:4 | Entered Level 4 of the Spider Nest
 38003 | Spider:4 | Reached skill level 5 in Hexes
 38888 | Spider:4 | Got a gossamer rune of Zot
 39077 | Lair:1   | Learned a level 2 spell: Repel Missiles
 39242 | Vaults:1 | Entered Level 1 of the Vaults
 39348 | Vaults:1 | Killed from afar by a deep elf annihilator

Vault maps used:
D:1:      matt_arrival_refuge
D:2:      lemuel_round_altar, due_unseen_surprise
D:3:      grunt_gozag_statues, amethyst_overflow_temple_binary
D:4:      lemuel_doored_altar, serial_shops, shop, first_bread
D:5:      ashenzari_conservatory_becter, nicolae_ossuary_entry_catacombs,
          minivault_5
D:6:      serial_shops, shop
D:8:      elyvilon_altar_5, minmay_misc_feat_nine_boxes
D:9:      orc_0_dummy, uniq_prince_ribbit1
D:10:     erik_lair_orcish_takeover, serial_shops, nicolae_shop_waterfront,
          enter_bailey_8, grunt_pizzeria, tso_metal_star
D:11:     serial_shops, nicolae_shop_window_shopping
D:13:     serial_shops, kennysheep_little_box, minmay_checkerbox
D:14:     erik_vaults_2, fountainhead
D:15:     grunt_enter_depths_magical_seal, old_standard_altar,
          serial_column_ruins, column_ruins_hut, column_ruins_hut_pillars,
          column_ruins_grid_2, column_ruins_columns_corner,
          column_ruins_corridor_straight, column_ruins_open_tiny, uniq_nessos
Lair:1:   beast_lair_carwin_7
Lair:2:   minmay_guarded_unrand_snakebite, beast_lair_carwin_11, uniq_harold,
          uniq_fannar
Lair:3:   swamp_mist, spider_nest_entry_web_field, lemuel_fruit_tree,
          lemuel_fruit_fields
Lair:4:   basic_altar, infiniplex_staircase_pool_2, uniq_urug
Lair:5:   slime_dummy, lab_entry_generic
Lair:6:   minmay_lair_end_frog_pond, serial_bayou_lagoon_b,
          minmay_lair_oklob_chamber
Swamp:1:  nicolae_swamp_trees_clearing
Swamp:2:  nicolae_swamp_phyte_club, evilmike_swamp_ruin_house_5
Swamp:3:  nicolae_swamp_feature_on_the_river_bank
Swamp:4:  swamp_old_school, uniq_louise
Spider:1: spider_trap, guppyfry_spider_mini_3
Spider:2: spider_trap, nicolae_orb_stairs
Spider:4: spider_rune_water
Orc:1:    nicolae_orc_rockfall, sword_in_stone, uniq_erica
Orc:2:    pf_orc_diabolical, serial_shops, nicolae_shop_crystal, uniq_azrael
Vaults:1: v_misc_32, v_misc_18, ontoclasm_vaults_decontamination, v_misc_28,
          v_alt_pattern_6, st_lattice, grunt_vaults_diagonal, v_misc_16,
          nicolae_vaults_little_squares_3, grunt_vaults_funnel,
          nicolae_vaults_yaktaur_gun_rack, vaults_dpeg_encased_lava,
          vaults_room_pools, infiniplex_enter_wizlab_water
Abyss:3:  hangedman_grunt_abyss_rune_horror_hoard
Lab:      nicolae_lab_dead_adventurers, nicolae_lab_do_over, nicolae_lab_grate
Ossuary:  ossuary_minmay_scorpions
Bailey:   bailey_axe_minmay_hex_keep, bailey

Skill      XL: |  1  2  3  4  5  6  7  8  9 10 11 12 13 14 15 16 17 18 19 |
---------------+----------------------------------------------------------+-----
Axes           | 3 4 5 6 8 11 12 | 12.2
Fighting       | 3 4 5 7 8 9 10 11 12 13 | 13.5
Conjurations   | 3 5 7 8 |  8.6
Shields        | 1 2 4 6 |  6.0
Spellcasting   | 3 5 |  5.1
Staves         | 4 7 10 11 | 11.9
Evocations     | 1 5 7 9 11 13 | 13.1
Maces & Flails | 1 6 9 10 | 10.4
Armour         | 4 9 10 12 | 12.3
Crossbows      | 5 7 8 |  8.5
Dodging        | 5 |  5.0
Hexes          | 4 6 |  6.4
Throwing       | |  1.7

Action                   |  1- 3 |  4- 6 |  7- 9 | 10-12 | 13-15 | 16-18 | 19-21 || total
-------------------------+-------+-------+-------+-------+-------+-------+-------++-------
Melee: War axe           |   115 |   119 |   132 |       |       |       |       ||   366
       Mace              |       |       |   103 |       |       |       |       ||   103
       Lajatang          |       |       |    95 |   971 |       |     4 |       ||  1070
       Whip              |       |       |       |    35 |  1534 |  3007 |   478 ||  5054
       Demon whip        |       |       |       |       |    19 |   202 |       ||   221
       Broad axe         |       |       |       |       |       |    37 |       ||    37
 Fire: Hand crossbow     |       |       |       |       |       |     5 |       ||     5
Throw: Throwing net      |       |     1 |     1 |     1 |       |       |       ||     3
       Tomahawk          |       |       |     3 |       |    13 |    35 |    13 ||    64
       Javelin           |       |       |       |     4 |    10 |       |       ||    14
Invok: Potion Petition   |       |       |     1 |     2 |     1 |       |       ||     4
       Call Merchant     |       |       |       |     1 |     2 |     1 |     1 ||     5
Evoke: Wand              |       |       |       |     9 |    16 |    15 |     2 ||    42
       Lamp of fire      |       |       |       |       |     3 |     6 |     1 ||    10
       Rod               |       |       |       |       |     8 |    31 |     4 ||    43
       Disc of storms    |       |       |       |       |       |     2 |     1 ||     3
  Use: Scroll            |       |    10 |    15 |    15 |    13 |    29 |     1 ||    83
       Potion            |       |       |     1 |     7 |     3 |     7 |     1 ||    19
 Stab: Distracted        |       |       |     1 |     7 |     8 |    19 |     1 ||    36
       Confused          |       |       |       |     2 |    11 |     2 |       ||    15
  Eat: Bread ration      |       |     2 |       |     2 |     5 |     4 |     1 ||    14
       Meat ration       |       |       |     3 |     3 |       |     6 |       ||    12
       Pizza             |       |       |       |     1 |       |     1 |       ||     2
       Royal jelly       |       |       |       |       |     1 |     2 |       ||     3
       Fruit             |       |       |       |       |     1 |       |       ||     1
       Beef jerky        |       |       |       |       |       |     1 |       ||     1
Armor: Leather armour    |    38 |       |       |       |       |       |       ||    38
       Ring mail         |    20 |    48 |    85 |       |       |       |       ||   153
       Plate armour      |       |       |   120 |   566 |   534 |       |       ||  1220
       Crystal plate arm |       |       |       |       |     7 |  2013 |   246 ||  2266
Dodge: Dodged            |    80 |    99 |   159 |   376 |   292 |   729 |    84 ||  1819
Block: Shield            |       |       |    25 |       |       |       |       ||    25
       Buckler           |       |       |       |     5 |   225 |  1254 |   236 ||  1720
       Reflection        |       |       |       |       |       |    18 |     5 ||    23
       Other             |       |       |       |       |       |     5 |       ||     5
